Map: Berlingrad LE

Players

A.I. 1 (Medium)

  • Race: Protoss Protoss

QuietMind - Winner!

  • Race: Terran Terran
  • League: Platinum

VOD

Have the link to the VOD?

Description

Time

  • Played on: Nov. 5, 2021, 12:41 a.m.
  • Length: 11:44
Show
View Real Time Build Order
Export as new Build Order

A.I. 1 (Medium) Protoss 

Build Orders: 1 Gate Expand 

Get SALT Encoding   

  12  0:00  Probe  
  13  0:13  Probe  
  14  0:19  Pylon  
  14  0:25  Probe  
  15  0:33  Probe  
  15  0:41  Probe  
  17  0:50  Gateway  
  17  1:08  Probe  
  17  1:10  Nexus  
  18  1:27  Pylon  
  18  1:30  Assimilator  
  18  1:39  Zealot  
  20  1:41  Cybernetics Core, Probe  
  21  1:54  Probe  
  22  2:05  Probe  
  22  2:07  Gateway  
  23  2:13  Assimilator  
  23  2:17  Stalker  
  23  2:18  Probe  
  26  2:24  Pylon  
  26  2:27  Probe  
  26  2:35  Probe  
  27  2:42  Warp Gate  
  28  2:47  Adept  
  30  2:54  Stalker  
  30  3:01  Assimilator  
  32  3:11  Stalker  
  32  3:14  Assimilator  
  32  3:23  Probe  
  34  3:27  Probe  
  35  3:35  Probe  
  35  3:39  Stalker, Probe  
  39  3:47  Probe  
  40  3:51  Probe  
  41  3:59  Probe, Sentry  
  44  4:08  Probe  
  45  4:11  Pylon, Probe  
  46  4:18  Zealot  
  46  4:19  Probe  
  46  4:23  Probe  
  50  4:27  Probe  
  50  4:35  Pylon  
  50  4:36  Probe  
  50  4:37  Zealot  
  55  4:50  Probe  
  56  4:53  Probe  
  56  4:56  Stalker  
  56  4:57  Pylon  
  59  5:02  Probe  
  59  5:06  Probe  
  62  5:14  Probe  
  62  5:15  Stalker  
  62  5:18  Robotics Facility, Probe  
  64  5:27  Probe x2  
  64  5:28  Pylon  
  65  5:35  Stalker  
  68  5:39  Probe  
  69  5:43  Probe  
  69  5:47  Forge  
  70  5:50  Pylon  
  70  5:51  Probe  
  70  5:54  Stalker  
  70  5:55  Probe  
  74  6:03  Probe  
  75  6:06  Observer  
  75  6:07  Probe  
  77  6:13  Stalker  
  77  6:15  Probe  
  77  6:16  Pylon  
  80  6:18  Pylon  
  80  6:19  Probe  
  80  6:20  Pylon  
  80  6:21  Photon Cannon  
  80  6:23  Observer  
  80  6:24  Photon Cannon  
  81  6:28  Stargate  
  82  6:32  Sentry  
  82  6:33  Twilight Council  
  82  6:38  Gateway  
  84  6:43  Forge  
  84  6:52  Adept  
  84  9:41  Void Ray  
  84  9:42  Sentry  
  70  9:47  Probe  
  70  9:49  Zealot  
  41  9:57  Probe  
  32  10:04  Immortal  
  32  10:05  Probe  
  36  10:11  Pylon, Zealot  
  36  10:13  Probe  
  36  10:14  Gateway  
  38  10:25  Probe  
  36  10:30  Sentry  
  36  10:31  Robotics Facility  
  36  10:33  Probe  
Show
View Real Time Build Order
Export as new Build Order

QuietMind Terran - Winner!

Build Orders: Mech 

Get SALT Encoding   

  12  0:00  SCV  
  13  0:12  SCV  
  14  0:18  Supply Depot  
  14  0:24  SCV  
  15  0:39  SCV  
  15  0:40  Barracks  
  16  0:44  Refinery  
  16  0:51  SCV  
  17  1:03  SCV  
  18  1:15  SCV  
  19  1:25  Command Center  
  19  1:35  Orbital Command  
  19  1:38  Marine  
  20  1:51  Factory  
  20  2:02  SCV, Supply Depot  
  20  2:05  Refinery  
  21  2:13  Barracks Tech Lab  
  21  2:14  SCV  
  22  2:26  SCV  
  23  2:37  Orbital Command  
  23  2:38  SCV  
  23  2:40  Siege Tank  
  27  2:44  Marine  
  27  2:50  SCV  
  29  2:53  Orbital Command  
  29  3:00  Bunker  
  29  3:02  SCV, Marine  
  31  3:12  Siege Tank  
  34  3:14  SCV  
  34  3:19  SCV  
  36  3:24  Armory, Marine  
  36  3:26  SCV  
  38  3:31  SCV, Supply Depot  
  39  3:38  SCV  
  40  3:42  Marine  
  40  3:43  SCV  
  40  3:44  Widow Mine  
  44  3:50  SCV  
  44  3:53  Supply Depot  
  44  3:55  SCV  
  46  4:00  Command Center  
  46  4:02  Barracks Tech Lab  
  46  4:03  SCV  
  46  4:07  SCV, Widow Mine  
  50  4:15  SCV  
  51  4:17  Supply Depot  
  51  4:19  SCV  
  51  4:21  Marauder  
  54  4:27  SCV  
  54  4:28  Thor  
  61  4:31  SCV  
  61  4:38  Factory  
  62  4:39  Engineering Bay, SCV  
  62  4:43  Supply Depot  
  62  4:44  Marauder  
  65  4:46  SCV  
  65  4:51  SCV  
  67  4:58  SCV  
  68  5:03  SCV  
  68  5:06  Marauder, Missile Turret  
  71  5:07  Supply Depot  
  71  5:09  Missile Turret  
  71  5:10  Refinery, SCV  
  71  5:12  Refinery  
  72  5:14  Orbital Command  
  72  5:16  SCV  
  72  5:19  Supply Depot  
  73  5:22  Factory Reactor  
  73  5:23  SCV  
  74  5:28  Thor  
  74  5:31  Supply Depot  
  74  5:32  Orbital Command  
  74  5:33  SCV  
  81  5:36  Marauder  
  81  5:37  SCV  
  84  5:45  SCV  
  84  5:49  SCV  
  86  5:56  Terran Vehicle Weapons Level 1  
  86  5:57  Marauder, SCV  
  86  5:59  Hellbat x2, Supply Depot  
  86  6:01  Missile Turret, SCV  
  86  6:02  SCV  
  95  6:04  Bunker  
  95  6:09  SCV  
  96  6:11  Thor  
  96  6:13  SCV  
  96  6:14  SCV  
  104  6:21  Command Center  
  104  6:22  Hellbat  
  104  6:24  SCV  
  107  6:26  Hellbat  
  107  6:31  Supply Depot  
  109  6:36  SCV  
  109  6:37  SCV x2  
  114  6:40  Marauder  
  114  6:41  Supply Depot  
  114  6:44  Armory  
  114  6:48  Hellbat x2  
  114  6:49  SCV x3  
  114  6:51  Factory  
  121  6:56  Thor  
  121  7:01  Marauder, SCV x3  
  132  7:05  Supply Depot  
  132  7:09  Supply Depot  
  132  7:10  Infernal Pre-Igniter, Concussive Shells, Supply Depot  
  132  7:11  Hellbat  
  132  7:13  Hellbat, SCV x3  
  139  7:19  Refinery  
  139  7:20  Refinery  
  139  7:24  Marauder  
  139  7:27  SCV x2  
  143  7:32  Terran Vehicle And Ship Armor Level 1, SCV  
  143  7:34  Supply Depot  
  148  7:37  Factory Tech Lab, Hellbat x2  
  148  7:39  SCV  
  148  7:42  Command Center  
  148  7:43  Thor  
  155  7:48  Supply Depot  
  155  7:49  Marauder  
  157  7:53  Terran Vehicle Weapons Level 2  
  157  7:54  Factory, SCV  
  157  7:55  SCV x2  
  160  8:02  Supply Depot  
  160  8:03  Missile Turret, Planetary Fortress  
  160  8:05  Hellbat  
  162  8:06  Hellbat  
  162  8:07  SCV x3  
  162  8:11  Marauder  
  169  8:17  Thor  
  175  8:22  Missile Turret  
  175  8:27  Hellbat  
  177  8:28  Hellbat  
  177  8:29  Thor  
  177  8:31  Refinery  
  177  8:32  Refinery  
  177  8:33  Marauder  
  187  8:37  SCV x3  
  190  8:49  SCV x3  
  190  8:50  Factory Reactor  
  190  8:51  Hellbat x2, Missile Turret  
  190  8:54  SCV  
  198  9:01  SCV  
  198  9:02  SCV  
  200  9:05  Missile Turret  
  200  9:07  Missile Turret  
  200  9:08  Factory, Missile Turret, Starport  
  200  9:09  Factory  
  200  9:11  Factory, Missile Turret  
  200  9:20  Hi-Sec Auto Tracking, Missile Turret  
  200  9:22  Missile Turret  
  200  9:33  Command Center  
  200  9:35  Command Center  
  198  9:41  Command Center  
  198  9:42  Marauder  
  198  9:45  Planetary Fortress  
  196  9:46  SCV x4  
  196  9:50  Hellbat  
  196  9:51  Hellbat  
  200  9:55  Factory Tech Lab, Factory Reactor  
  200  9:56  Starport Tech Lab  
  200  9:59  Fusion Core, Factory Tech Lab  
  196  10:23  Missile Turret  
  196  10:24  Marauder  
  196  10:25  Refinery  
  198  10:33  Refinery  
  198  10:35  Hellbat  
  200  10:44  Orbital Command  
  200  10:55  Starport  
  200  10:56  Starport x2  
  200  10:58  Starport  
  200  11:06  Orbital Command x2, Command Center  
  200  11:07  Command Center  
  200  11:33  Starport Tech Lab x3  
  200  11:44  Missile Turret  
Tags
 
Composition
Mech
League
Platinum
Matchup
PvT
Add a new tag
Caveats
  • Supply blocks, unpowered buildings, or Contaminate may cause inaccurate times.
  • Supply counts are checked every 10 seconds.